 Dungeon Sprint DCSS version 0.26-a0-752-gcff87cac9a (webtiles) character file.

Game seed: 6545630851091853531

3080 rocky1 the Spear-Bearer (level 9, -5/57 HPs)
             Began as a Merfolk Ice Elementalist on Nov 6, 2020.
             Was the Champion of Sif Muna.
             Slain by a deep troll (16 damage)
             ... in the Dungeon (Sprint VII: "The Pits").
             The game lasted 00:11:18 (1585 turns).

rocky1 the Spear-Bearer (Merfolk Ice Elementalist)  Turns: 1585, Time: 00:11:18

Health: -5/57      AC: 11    Str:  9    XL:     9   Next: 89%
Magic:  17/22      EV: 20    Int: 17    God:    Sif Muna [******]
Gold:   0          SH:  0    Dex: 14    Spells: 15/26 levels left

rFire    . . .     SeeInvis .   s - +2 halberd (venom)
rCold    . . .     Faith    .   (shield currently unavailable)
rNeg     . . .     Spirit   .   b - +0 leather armour
rPois    .         Reflect  .   q - +0 helmet
rElec    .         Harm     .   (no cloak)
rCorr    .         Rampage  .   r - +0 pair of gloves
MR       .....     NoTele   +   (no boots)
Stlth    ++........             (no amulet)
HPRegen  0.19/turn              (no ring)
MPRegen  0.18/turn              (no ring)

@: icy armour, frozen ramparts
A: change form in water, swift swim, stealthy swim
a: Channel Magic, Forget Spell, Divine Exegesis, Renounce Religion


You were in the Dungeon.
You worshipped Sif Muna.
Sif Muna was exalted by your worship.
You visited 1 branch

Inventory:

Hand Weapons
 m - a +1 vorpal trident
 s - a +2 halberd of venom (weapon)
 t - a +4 quarterstaff of speed
Armour
 b - a +0 leather armour (worn)
 q - a +0 helmet (worn)
 r - a +0 pair of gloves (worn)
Jewellery
 a - a +3 ring of strength
 n - a +3 ring of protection
Scrolls
 h - a scroll of blinking
 j - 3 scrolls of remove curse
 k - 5 scrolls of amnesia
 l - a scroll of summoning
Potions
 c - 6 potions of curing
 d - 6 potions of heal wounds
 e - 4 potions of haste
 f - 4 potions of magic
 g - a potion of berserk rage
 i - 2 potions of invisibility
 o - a potion of might
 p - 2 potions of brilliance


   Skills:
 + Level 13.8 Polearms
 + Level 13.0 Dodging
 - Level 2.1 Stealth
 - Level 9.0 Spellcasting
 + Level 11.9 Ice Magic
 + Level 11.0 Invocations


You had 15 spell levels left.
You knew the following spells:

 Your Spells              Type           Power        Failure   Level
a - Freeze                Ice            ####         1%          1
b - Frozen Ramparts       Ice            #####.       1%          3
c - Ozocubu's Armour      Ice            #####...     1%          3
d - Hailstorm             Conj/Ice       ####....     12%         4

Your spell library contained the following spells:

 Spells                   Type           Power        Failure   Level
 Ensorcelled Hibernation  Hex/Ice        ####..       1%          2
 Summon Ice Beast         Ice/Summ       ####....     12%         4
 Corona                   Hex            #......      13%         1
 Sandblast                Erth           #.....       13%         1
 Passwall                 Tmut/Erth      #.......     21%         2
 Poisonous Vapours        Pois/Air       #.....       21%         2
 Metabolic Englaciation   Hex/Ice        ####......   32%         5
 Stone Arrow              Conj/Erth      #.....       36%         3
 Leda's Liquefaction      Hex/Erth       #.........   78%         4
 Petrify                  Tmut/Erth      #.......     78%         4
 Lee's Rapid Deconstruct  Erth           #.........   98%         5
 Invisibility             Hex            #.......     100%        6
 Discord                  Hex            #.........   100%        8


Dungeon Overview and Level Annotations

Branches:
Dungeon (1/1)

Altars:
Ashenzari
Cheibriados
Dithmenos
Elyvilon
Fedhas
Gozag
Hepliaklqana
Kikubaaqudgha
Makhleb
Nemelex Xobeh
Okawaru
Qazlal
Ru
Sif Muna
Trog
Uskayaw
Vehumet
Wu Jian
Xom
Yredelemnul
Zin
The Shining One
Beogh
Jiyva
Lugonu


Message History

The deep troll claws you.
You slash the deep elf knight!
The deep elf knight is poisoned.
The deep elf knight is almost dead.
Unknown command.
You closely miss the deep troll.
The deep troll is heavily wounded.
The wall freezes the deep troll.
The deep troll bites you!
* * * LOW HITPOINT WARNING * * *
The deep troll misses you. The deep troll claws you.
* * * LOW HITPOINT WARNING * * *
The wall freezes the deep elf knight!
You kill the deep elf knight!
Sif Muna accepts your kill.
Your Dodging skill increases to level 13!
Your Invocations skill increases to level 11!
You slash the deep troll!
The deep troll looks as sick as possible!
The deep troll is severely wounded.
The wall freezes the deep troll.
The deep troll bites you!
You die...

))##.......##......#
[[##.......##......#
'###...<...###....## ##
..##.......# ##'÷## ##..+
..##.......###....###....#
####.......##......#....#
.)###########......(....+
[############......#....#
÷#....#....###..@.###....#
'#....#..[[# ##T)## ##..+
)).)..'..))# #.... ##
)#....#....##......
.#....#..))##......#
####################


You could see a deep troll (extremely poisoned).

Vanquished Creatures
  A deep elf knight (D)
  A deep elf mage (D)
  A cyclops (D)
  A black mamba (D)
  A polar bear (D)
  2 redbacks (D)
  2 vampire mosquitoes (D)
  A soldier ant (D)
  A phantom (D)
  An orc warrior (D)
  A bullfrog (D)
  4 wights (D)
  A quasit (D)
  2 orc priests (D)
  An orc wizard (D)
  An iguana (D)
  2 adders (D)
  8 orcs (D)
  A bat skeleton (D)
  3 giant cockroaches (D)
  A hobgoblin (D)
  3 jackals (D)
  A frilled lizard (D)
  2 kobolds (D)
  A rat (D)
44 creatures vanquished.

Notes
Turn   | Place    | Note
-------+----------+-------------------------------------------
     0 | D        | rocky1 the Merfolk Ice Elementalist began the quest for the
                  | Orb.
     0 | D        | Reached XP level 1. HP: 13/13 MP: 3/3
    21 | D        | Found a bloodstained altar of Trog.
    21 | D        | Found a shimmering blue altar of Sif Muna.
    21 | D        | Found a viscous altar of Jiyva.
    21 | D        | Found a hazy altar of Hepliaklqana.
    21 | D        | Found an opulent altar of Gozag.
    22 | D        | Found a glowing golden altar of the Shining One.
    22 | D        | Found a glowing silver altar of Zin.
    22 | D        | Found a basalt altar of Yredelemnul.
    22 | D        | Found a shimmering altar of Xom.
    22 | D        | Found an ornate altar of the Wu Jian Council.
    22 | D        | Found a sacrificial altar of Ru.
    22 | D        | Found a stormy altar of Qazlal.
    22 | D        | Found an iron altar of Okawaru.
    22 | D        | Found a sparkling altar of Nemelex Xobeh.
    22 | D        | Found a burning altar of Makhleb.
    22 | D        | Found a blossoming altar of Fedhas.
    22 | D        | Found a white marble altar of Elyvilon.
    22 | D        | Found a shadowy altar of Dithmenos.
    22 | D        | Found a snail-covered altar of Cheibriados.
    24 | D        | Found a radiant altar of Vehumet.
    24 | D        | Found a corrupted altar of Lugonu.
    24 | D        | Found a roughly hewn altar of Beogh.
    25 | D        | Found a hide-covered altar of Uskayaw.
    25 | D        | Found an ancient bone altar of Kikubaaqudgha.
    25 | D        | Found a broken altar of Ashenzari.
    27 | D        | Became a worshipper of Sif Muna the Loreminder
    68 | D        | Reached skill level 5 in Ice Magic
    68 | D        | Reached skill level 1 in Invocations
    68 | D        | Reached XP level 2. HP: 17/19 MP: 0/5
   171 | D        | Reached * piety under Sif Muna
   237 | D        | Reached ** piety under Sif Muna
   237 | D        | Reached XP level 3. HP: 23/24 MP: 2/7
   271 | D        | Reached *** piety under Sif Muna
   457 | D        | Learned a level 3 spell: Frozen Ramparts
   461 | D        | Learned a level 3 spell: Ozocubu's Armour
   476 | D        | Reached skill level 5 in Polearms
   476 | D        | Reached skill level 5 in Dodging
   476 | D        | Reached XP level 4. HP: 25/30 MP: 1/9
   482 | D        | Reached XP level 5. HP: 29/35 MP: 2/11
   489 | D        | Reached **** piety under Sif Muna
   498 | D        | Reached skill level 5 in Spellcasting
   498 | D        | Reached skill level 5 in Invocations
   509 | D        | Reached XP level 6. HP: 13/41 MP: 2/13
   518 | D        | Reached ***** piety under Sif Muna
   539 | D        | Identified Sif Muna's Almanac of Ashen Curses (Sif Muna
                  | gifted it to you in the Dungeon)
   539 | D        | Received a gift from Sif Muna
   645 | D        | Noticed an orc warrior
   652 | D        | Killed an orc warrior
   655 | D        | Noticed a deep elf mage
   657 | D        | Noticed a redback
   660 | D        | Killed a deep elf mage
   660 | D        | Reached skill level 10 in Polearms
   660 | D        | Reached skill level 10 in Dodging
   660 | D        | Reached XP level 7. HP: 7/46 MP: 1/17
   852 | D        | Learned a level 4 spell: Hailstorm
   876 | D        | Reached XP level 8. HP: 48/52 MP: 13/18
   927 | D        | Identified Vozo's Tome of Fetching Envenoming (Sif Muna
                  | gifted it to you in the Dungeon)
   927 | D        | Received a gift from Sif Muna
   932 | D        | Reached skill level 10 in Ice Magic
  1198 | D        | Upgraded the game from 0.26-a0-739-gf55cbd344a to
                  | 0.26-a0-752-gcff87cac9a
  1298 | D        | Noticed a black mamba
  1305 | D        | Killed a black mamba
  1307 | D        | Reached XP level 9. HP: 13/57 MP: 14/21
  1517 | D        | Noticed a cyclops
  1517 | D        | Noticed a polar bear
  1521 | D        | Received a gift from Sif Muna
  1527 | D        | Killed a polar bear
  1530 | D        | Killed a cyclops
  1530 | D        | Reached skill level 10 in Invocations
  1576 | D        | Noticed a deep elf knight
  1576 | D        | Noticed a deep troll
  1584 | D        | Killed a deep elf knight
  1584 | D        | Reached ****** piety under Sif Muna
  1585 | D        | Slain by a deep troll

Illustrated notes

Levels and vault maps discovered:
D:        pitsprint [storerooms_1, entrance_room_1, metal_vault_2, armoury_2,
          mini_pit_1, grid_room_1, main_hall_1, silver_pit, the_coven_1,
          the_vestibule_1, steel_vault_4, golden_pit, hallway_of_sentries,
          crystal_vault_2, iron_vault_4, final_vault]

Skill      XL: |  1  2  3  4  5  6  7  8  9 |
---------------+----------------------------+-----
Polearms       | 2 3 5 7 10 12 13 | 13.8
Dodging        | 3 4 5 6 7 10 11 13 | 13.0
Ice Magic      | 5 6 7 9 10 11 | 11.9
Invocations    | 1 2 3 4 5 8 9 11 | 11.0
Spellcasting   | 3 4 5 7 8 9 |  9.0
Stealth        | |  2.1

Action                   |  1- 3 |  4- 6 |  7- 9 || total
-------------------------+-------+-------+-------++-------
Melee: Trident           |    18 |    56 |    26 ||   100
       Unarmed           |     2 |       |       ||     2
       Halberd           |       |       |    24 ||    24
 Cast: Freeze            |    16 |     9 |       ||    25
       Ozocubu's Armour  |     1 |     3 |     4 ||     8
       Frozen Ramparts   |     1 |     2 |     5 ||     8
  Use: Potion            |       |     4 |     4 ||     8
 Stab: Sleeping          |     1 |       |       ||     1
Armor: Robe              |     6 |    14 |       ||    20
       Leather armour    |       |       |    11 ||    11
Dodge: Dodged            |    31 |    64 |    35 ||   130

Table legend: (Time is in decaauts)
 A = Elapsed time spent in this place.
 B = Non-inter-level travel time spent in this place.
 C = Inter-level travel time spent in this place.
 D = Time resting spent in this place.
 E = Time spent auto-exploring this place.
 F = Levels seen in this place.
 G = Mean time per level.
                   A        B        C        D        E       F      G
               +--------+--------+--------+--------+--------+-----+--------+
         Total |   1587 |   1587 |      0 |   1025 |      0 |   1 | 1587.0 |
       Dungeon |   1587 |   1587 |      0 |   1025 |      0 |   1 | 1587.0 |
               +--------+--------+--------+--------+--------+-----+--------+

Top non-repeatable levels by time:
       D: 1587 daAuts
